AoeStats
← dragonlee66

Arena

510512735Analyzed
4v4 RM · 13h ago on Oct 1, 2026· 44m 53s· 8 players
Game mode
Random Map
Map size
Large (8 player)
Population
200
Speed
Normal
Resources
Standard
Victory
Conquest
Starting age
Dark Age
Ending age
Imperial Age
RankedLock teamsTeams togetherTeam positionsShared explorationLock speedFull tech treeHidden civsTurbo modeCheats
Victory
Defeat
🇨🇳 Teutons · China
1086
+13
🇹🇼 Persians · Taiwan
1060
+14
🇨🇳 Slavs · China
1048
+15
🇨🇳 Khmer · China
1043
+15
🇨🇳 Mongols · China
1137
-25
🇫🇷 Malay · France
1021
-14
🇨🇳 Byzantines · China
960
-12
🇨🇳 Tatars · China
953
-12
378080739
0:31 Loom
12:26 Feudal Age
16:06 Castle Age
15:42 Double-Bit Axe
15:50 Stone Mining
15:53 Gold Mining
15:45 Horse Collar
19:57 Bow Saw
27:34 Heavy Plow
30:53 Imperial Age
29:43 Gold Shaft Mining
30:10 Wheelbarrow
31:05 Ballistics
30:56 Elite Ballista Elephant
31:37 Double Crossbow
31:58 Conscription
32:06 Hand Cart
35:10 Chemistry
34:20 Siege Engineers
34:34 Bloodlines
34:24 Husbandry
36:31 Fortified Wall
88888
11:29 Feudal Age
17:37 Castle Age
15:34 Loom
15:56 Double-Bit Axe
16:02 Horse Collar
19:14 Wheelbarrow
18:53 Bow Saw
18:44 Heavy Plow
24:41 Hand Cart
27:18 Gold Mining
27:26 Stone Mining
31:31 Imperial Age
29:56 Gold Shaft Mining
29:57 Stone Shaft Mining
29:25 Husbandry
29:35 Bloodlines
29:43 Forging
29:38 Scale Barding Armor
31:13 Iron Casting
31:18 Devotion
31:33 Elite War Elephant
33:11 Conscription
34:17 Blast Furnace
33:38 Chain Barding Armor
33:52 Fletching
35:14 Two-Man Saw
34:45 Crop Rotation
35:18 Caravan
35:54 Ballistics
35:29 Murder Holes
40:16 Plate Barding Armor
41:30 Guilds
45:29 Faith
panda
10:37 Feudal Age
14:30 Castle Age
12:44 Double-Bit Axe
20:24 Loom
22:40 Horse Collar
26:33 Ballistics
29:36 Imperial Age
28:10 Bow Saw
27:39 Pikeman
31:04 Wheelbarrow
32:56 Detinets
33:17 Conscription
33:46 Heavy Scorpion
35:36 Chemistry
35:32 Halberdier
36:38 Squires
37:43 Forging
41:28 Scale Mail Armor
42:09 Hand Cart
42:32 Iron Casting
43:01 Siege Engineers
43:30 Town Watch
43:41 Elite Boyar
dragonlee66
10:26 Feudal Age
14:38 Castle Age
13:13 Double-Bit Axe
13:12 Horse Collar
22:08 Heavy Plow
24:59 Wheelbarrow
28:29 Imperial Age
26:34 Scale Barding Armor
26:40 Forging
26:25 Gold Mining
26:57 Hand Cart
27:03 Loom
27:05 Town Watch
27:55 Bloodlines
28:09 Chain Barding Armor
28:26 Bow Saw
31:11 Chemistry
30:20 Cavalier
33:18 Stone Mining
33:44 Paladin
35:16 Padded Archer Armor
35:52 Iron Casting
35:07 Elite Skirmisher
36:16 Conscription
37:08 Leather Archer Armor
39:42 Two-Man Saw
42:33 Plate Barding Armor
42:29 Ring Archer Armor
43:00 Blast Furnace
42:30 Fletching
wz975
10:07 Feudal Age
14:33 Castle Age
12:19 Double-Bit Axe
12:36 Horse Collar
15:33 Bow Saw
17:11 Wheelbarrow
21:01 Gold Mining
21:48 Stone Mining
22:47 Gold Shaft Mining
27:55 Imperial Age
25:11 Loom
25:18 Fletching
25:38 Heavy Plow
26:32 Stone Shaft Mining
26:17 Bodkin Arrow
26:22 Padded Archer Armor
27:46 Hand Cart
27:16 Town Watch
28:44 Bracer
29:45 Chemistry
28:35 Elite Mangudai
29:34 Leather Archer Armor
29:46 Ballistics
29:21 Elite Mangudai
30:18 Bloodlines
30:08 Husbandry
30:15 Thumb Ring
29:50 Elite Mangudai
31:16 Parthian Tactics
31:17 Scale Barding Armor
31:33 Conscription
33:30 Conscription
32:49 Light Cavalry
34:06 Masonry
34:19 Chain Barding Armor
34:09 Forging
34:38 Conscription
34:39 Hussar
35:41 Scale Mail Armor
36:03 Drill
35:45 Pikeman
36:26 Squires
37:18 Chain Mail Armor
37:39 Iron Casting
37:05 Nomads
37:21 Murder Holes
39:00 Plate Mail Armor
38:53 Drill
40:56 Blast Furnace
Kevin
0:28 Loom
12:17 Feudal Age
14:10 Double-Bit Axe
16:26 Castle Age
14:42 Horse Collar
21:51 Heavy Plow
22:41 Wheelbarrow
23:15 Bow Saw
24:53 Stone Mining
25:21 Gold Mining
27:43 Stone Shaft Mining
29:23 Scale Barding Armor
29:28 Forging
29:08 Fletching
29:19 Padded Archer Armor
29:31 Fortified Wall
29:41 Ballistics
29:56 Hand Cart
31:08 Gold Shaft Mining
30:08 Crossbowman
31:30 Iron Casting
31:52 Chain Barding Armor
31:44 Murder Holes
31:37 Pikeman
32:17 Squires
33:32 Thumb Ring
36:49 Imperial Age
36:24 Scale Mail Armor
36:21 Bodkin Arrow
37:05 Halberdier
38:02 Chain Mail Armor
37:48 Bracer
38:12 Conscription
38:04 Arbalester
39:57 Plate Mail Armor
40:03 Plate Barding Armor
39:43 Leather Archer Armor
40:28 Hoardings
41:01 Chemistry
43:02 Two-Man Saw
42:34 Crop Rotation
42:52 Hoardings
Pegasus75
4:30 Loom
13:08 Feudal Age
16:48 Castle Age
14:50 Double-Bit Axe
16:25 Wheelbarrow
17:31 Gold Mining
17:36 Horse Collar
21:46 Bow Saw
23:55 Heavy Plow
28:11 Hand Cart
29:34 Gold Shaft Mining
33:26 Imperial Age
30:30 Man-at-Arms
33:47 Long Swordsman
34:46 Stone Mining
34:42 Two-Handed Swordsman
36:50 Husbandry
37:24 Squires
37:39 Forging
37:35 Scale Barding Armor
38:06 Conscription
38:26 Forced Levy
41:14 Iron Casting
知行
10:59 Feudal Age
14:54 Castle Age
12:41 Double-Bit Axe
12:45 Horse Collar
16:16 Bow Saw
21:05 Wheelbarrow
20:16 Loom
29:12 Imperial Age
28:31 Gold Mining
28:31 Stone Mining
29:03 Bloodlines
28:53 Husbandry
29:07 Forging
29:03 Scale Barding Armor
30:01 Gold Shaft Mining
30:26 Iron Casting
29:44 Elite Steppe Lancer
31:19 Chain Barding Armor
32:00 Conscription
33:20 Blast Furnace
32:40 Hand Cart
35:08 Plate Barding Armor
39:16 Onager
43:05 Chemistry
42:17 Fortified Wall
42:13 Light Cavalry
Connection lost

Rejoining the realm…

Still unreachable

The connection could not be restored.

Session expired

The server has moved on; the page needs a fresh start.